 Dungeon Crawl Stone Soup version 0.31.0-12-g77e489cdc1 (webtiles) character file.

Game seed: 3975232736888334729

374 Rassilon the Conjurer (level 6, -1/45 HPs)
             Began as a Draconian Conjurer on Feb 14, 2024.
             Was an Elder of Jiyva.
             Killed from afar by Ijyb (8 damage)
             ... with a bolt of light
             ... on level 4 of the Dungeon.
             The game lasted 00:13:24 (2574 turns).

Rassilon the Conjurer (Draconian Conjurer)          Turns: 2574, Time: 00:13:25

Health: -1/45      AC:  7    Str: 10    XL:     6   Next: 43%
Magic:  11/11      EV: 12    Int: 20    God:    Jiyva [****..]
Gold:   96         SH:  0    Dex:  9    Spells: 9/12 levels left

rFire   + . .        e - +2 quarterstaff (chaos)
rCold   + . .        (shield currently unavailable)
rNeg    . . .        (body armour unavailable)
rPois   +            (helmet restricted)
rElec   +            f - +0 cloak
rCorr   +            (no gloves)
SInv    .            (no boots)
Will    .....        (no amulet)
Stlth   ++           (no ring)
HPRegen 1.55/turn    (no ring)
MPRegen 0.76/turn

%: no passive effects
@: resistant
A: AC +6, unfitting armour, cold-blooded, stinger 3, tendrils
a: Renounce Religion, Oozemancy, Slimify


You were on level 4 of the Dungeon.
You worshipped Jiyva.
Jiyva was greatly pleased with you.
You visited 1 branch of the dungeon, and saw 4 of its levels.

You collected 116 gold pieces.
You spent 20 gold pieces at shops.

Inventory:

Hand Weapons
 e - a +2 quarterstaff of chaos (weapon)
Armour
 f - a +0 cloak (worn)
Magical Staves
 b - a staff of alchemy
Wands
 j - a wand of light (8)
Scrolls
 d - a scroll of identify
 g - 2 scrolls of amnesia {unknown}
 h - a scroll of immolation {unknown}
 i - 4 scrolls of teleportation {unknown}
Potions
 a - a potion of magic
 c - a potion of resistance


   Skills:
 + Level 2.0 Staves
 + Level 3.6 Dodging
 - Level 1.7 Stealth
 + Level 3.7 Spellcasting
 + Level 5.3 Conjurations


You had 9 spell levels left.
You knew the following spells:

 Your Spells              Type           Power      Damage    Failure   Level
a - Magic Dart            Conj           100%       1d8       1%          1
b - Searing Ray           Conj           50%        2d6       2%          2

Your spell library contained the following spells:

 Spells                   Type           Power      Damage    Failure   Level
 Ozocubu's Armour         Ice            3%         N/A       36%         3
 Fulminant Prism          Conj/Alch      7%         3d7       41%         4
 Iskenderun's Mystic Bla  Conj/Tloc      14%        2d5       41%         4
 Metabolic Englaciation   Hex/Ice        1%         N/A       98%         5
 Sculpt Simulacrum        Ice/Alch       1%         N/A       100%        6


Dungeon Overview and Level Annotations

Branches:
Dungeon (4/15)
 Temple: D:4-7

Altars:
Jiyva

Shops:
D:2 *=[(

Annotations:
D:4 Ijyb


Innate Abilities, Weirdness & Mutations

Your plain brown scales are hard. (AC +6)
You cannot fit into any form of body armour.
You are cold-blooded and may be slowed by cold attacks.
Your tail ends in a wickedly sharp and venomous barb.
You are covered in slimy tendrils that may disarm your opponents.


Message History

The goblin hits you but does no damage.
You hear a slurping noise.
The jelly closely misses Ijyb.
You closely miss Ijyb.
Ijyb is moderately wounded.
Ijyb hits you but does no damage.
The jelly hits the goblin.
The goblin is splashed with acid.
The acid corrodes the goblin!
The goblin dies!
You hit Ijyb. You burn Ijyb.
Ijyb is heavily wounded.
Ijyb screams, "I dance on your bones!" Ijyb barely misses you.
You closely miss Ijyb.
Ijyb is heavily wounded.
Ijyb zaps a wand.
The bolt of light hits you!
* * * LOW HITPOINT WARNING * * *
You hear a slurping noise.
Unknown command.
You hit Ijyb.
Ijyb is heavily wounded.
Ijyb barely misses you.
You barely miss Ijyb.
Ijyb is heavily wounded.
Ijyb closely misses you.
You hear a slurping noise.
The jelly barely misses Ijyb.
Ijyb hits you but does no damage.
The jelly hits Ijyb but does no damage.
You barely miss Ijyb.
Ijyb is heavily wounded.
Ijyb seems less drained.
Ijyb completely misses you.
The jelly hits Ijyb but does no damage.
You completely miss Ijyb.
Ijyb is heavily wounded.
Ijyb zaps a wand.
The bolt of light hits you!
* * * LOW HITPOINT WARNING * * *
The jelly hits Ijyb but does no damage.
Unknown command.
You feel protected.
Ijyb zaps a wand.
The bolt of light hits you!
You die...

.....#.###.#.....###......#
.......#...#####..######.##
.........#######..######)#.
.....#.....##.............
..............>...<...##..#
......#............##..##)#
...................###..)[.
...............<...# ####.#
......##.g@.......### #.#
....># ##J..##......## #..
..#.# ###....####..#####.
#. ###..#####....... #
#........#####. ##..####.#
## #.# #.## ## .. #..# #.
#.###.# #.


You could see Ijyb and a neutral jelly (wandering) (fellow slime).

Vanquished Creatures
  A scorpion (D:4)
  A bombardier beetle (D:3)
  A hound (D:4)
  Crazy Yiuf (D:2)
  An orc priest (D:3)
  Terence (D:2)
  Natasha (D:2)
  2 orc wizards
  An adder (D:2)
  5 gnolls
  6 orcs
  5 ball pythons
  5 bats
  3 giant cockroaches
  A goblin (D:2)
  3 hobgoblins
  5 jackals (D:2)
  3 kobolds
  3 quokkas
  2 rats (D:1)
51 creatures vanquished.

Vanquished Creatures (others)
  2 jellies (D:2)
  Natasha (twice) (D:2)
  2 gnolls (D:2)
  A dart slug (D:1)
  3 ball pythons
  2 endoplasms (D:2)
  A giant cockroach (D:2)
  A goblin (D:4)
  A hobgoblin (D:1)
  3 jackals (D:2)
  4 bats
  2 frilled lizards (D:2)
  3 kobolds
27 creatures vanquished.

Grand Total: 78 creatures vanquished

Notes
Turn   | Place    | Note
-------+----------+-------------------------------------------
     0 | D:1      | Rassilon the Draconian Conjurer began the quest for the
                  | Orb.
     0 | D:1      | Reached XP level 1. HP: 14/14 MP: 3/3
    43 | D:1      | Found a faded altar of an unknown god.
    61 | D:1      | Prayed at the altar of an unknown god.
    61 | D:1      | Became a worshipper of Jiyva Jyushuso the Shapeless
    61 | D:1      | Reached * piety under Jiyva
   464 | D:1      | Reached ** piety under Jiyva
   558 | D:2      | Found Kyabiec's Antique Weapon Emporium.
   569 | D:2      | Reached XP level 2. HP: 11/20 MP: 3/5
   594 | D:2      | Noticed Terence
   609 | D:2      | Killed Terence
   610 | D:2      | Reached XP level 3. HP: 11/26 MP: 6/6
   718 | D:2      | Noticed Natasha
   725 | D:2      | Killed Natasha
   793 | D:2      | Killed Natasha
   817 | D:2      | Found Bouprattycw's General Store.
   818 | D:2      | Killed Natasha
   849 | D:2      | Found Bupoawn's Jewellery Boutique.
   878 | D:2      | Bought a scroll of identify for 20 gold pieces
   900 | D:2      | Found Becsetimn's Armour Boutique.
  1078 | D:2      | Reached XP level 4. HP: 33/33 MP: 6/8
  1150 | D:2      | Reached *** piety under Jiyva
  1430 | D:2      | Found a runed translucent door.
  1431 | D:2      | Noticed Crazy Yiuf
  1445 | D:2      | Killed Crazy Yiuf
  1581 | D:2      | Learned a level 2 spell: Searing Ray
  1596 | D:3      | Reached XP level 5. HP: 36/38 MP: 9/9
  1792 | D:3      | Reached skill level 5 in Conjurations
  1803 | D:3      | Reached skill level 1 in Staves
  1866 | D:3      | Gained mutation: Your tail ends in a venomous barb.
                  | [Jiyva's grace]
  1866 | D:3      | Gained mutation: Your tail ends in a sharp venomous barb.
                  | [Jiyva's grace]
  1866 | D:3      | Gained mutation: Your tail ends in a wickedly sharp and
                  | venomous barb. [Jiyva's grace]
  1866 | D:3      | Gained mutation: You are covered in slimy tendrils that may
                  | disarm your opponents. [Jiyva's grace]
  1872 | D:3      | Reached **** piety under Jiyva
  2366 | D:4      | Reached XP level 6. HP: 45/45 MP: 11/11
  2545 | D:4      | Noticed Ijyb
  2574 | D:4      | Killed from afar by Ijyb

Illustrated notes

Levels and vault maps discovered:
D:1:      lemuel_arrival_behind_the_door_large, layout_loops_ring,
          basic_ecumenical_altar, hangedman_abyss_or_decor_stabs,
          bh_walls_and_bars
D:2:      layout_basic, serial_shops, shop, shop,
          nicolae_shop_tiny_statue_garden, nicolae_shop_waterfront,
          kennysheep_another_room, uniq_natasha, uniq_terence,
          uniq_crazy_yiuf_cottage
D:3:      layout_basic
D:4:      layout_rooms, zin_angel, uniq_ijyb

Skill      XL: |  1  2  3  4  5  6 |
---------------+-------------------+-----
Dodging        | 2 3 |  3.6
Spellcasting   | 3 |  3.7
Conjurations   | 5 |  5.3
Staves         | 1 2 |  2.0
Stealth        | |  1.7

Action                     |  1- 3 |  4- 6 || total
---------------------------+-------+-------++-------
  Melee: Staff             |    35 |    16 ||    51
         Tailslap          |     3 |    11 ||    14
         Quarterstaff      |       |   105 ||   105
         Punch             |       |     1 ||     1
   Cast: Magic Dart        |    41 |    10 ||    51
         Searing Ray       |       |     3 ||     3
    Use: Potion            |     1 |     1 ||     2
         Scroll            |     1 |     1 ||     2
   Stab: Paralysed         |       |     1 ||     1
 Armour: Skin              |    29 |    97 ||   126
  Dodge: Dodged            |    27 |    77 ||   104
